 Dungeon Crawl Stone Soup version 0.28-a0-410-gbef64dd269 (webtiles) character file.

Game seed: 16822731453982197422

349 bande the Chopper (level 6, -1/38 HPs)
             Began as a Gargoyle Fighter on Sept 7, 2021.
             Slain by Menkaure (4 damage)
             ... on level 4 of the Dungeon.
             The game lasted 00:04:50 (3266 turns).

bande the Chopper (Gargoyle Fighter)                Turns: 3266, Time: 00:04:51

Health: -1/38      AC: 13    Str: 21    XL:     6   Next: 60%
Magic:  6/6        EV:  9    Int:  8    God:
Gold:   128        SH:  4    Dex: 10    Spells: 5/5 levels left

rFire   . . .      SeeInvis .   a - +0 war axe
rCold   . . .      Faith    .   c - +0 buckler
rNeg    + . .      Spirit   .   b - +0 scale mail
rPois   ∞          Reflect  .   (no helmet)
rElec   +          Harm     .   e - +1 cloak {rPois}
rCorr   .          Rampage  .   (no gloves)
Will    .....                   (no boots)
Stlth   ..........              (no amulet)
HPRegen 0.12/turn               (no ring)
MPRegen 0.10/turn               (no ring)

@: weak-willed
A: sickness immunity, AC +4, negative energy resistance 1, electricity
resistance, torment resistance 1, petrification resistance
a: no special abilities


You were on level 4 of the Dungeon.
You visited 1 branch of the dungeon, and saw 4 of its levels.

You collected 128 gold pieces.

Inventory:

Hand Weapons
 a - a +0 war axe (weapon)
Armour
 b - a +0 scale mail (worn)
 c - a +0 buckler (worn)
 e - a +1 cloak of poison resistance (worn)
Jewellery
 m - an amulet of magic regeneration
Scrolls
 d - a scroll of summoning
 g - a scroll of fear
 l - a scroll of teleportation
 o - a scroll of blinking
Potions
 k - 2 potions of brilliance


   Skills:
 + Level 4.3 Fighting
 + Level 4.7 Axes
 + Level 4.3 Armour
 - Level 0.4 Dodging
 + Level 4.0 Shields


You had 5 spell levels left.
You didn't know any spells.
Your spell library contained the following spells:

 Spells                   Type           Power      Damage    Failure   Level
 Magic Dart               Conj           0%         1d3       75%         1
 Call Imp                 Summ           0%         N/A       86%         2
 Corpse Rot               Necr/Air       N/A        N/A       86%         2
 Poisonous Vapours        Pois/Air       0%         N/A       86%         2
 Mephitic Cloud           Conj/Pois/Air  0%         N/A       98%         3


Dungeon Overview and Level Annotations

Branches:
Dungeon (4/15)
 Temple: D:4-7

Altars:
Ru

Annotations:
D:4 Menkaure


Innate Abilities, Weirdness & Mutations

You are immune to sickness and miasma.
Your stone body is resilient. (AC +4)
You are immune to poison.
You resist negative energy. (rN+)
You are resistant to electric shocks. (rElec)
You are resistant to unholy torment.
You are immune to petrification.


Message History

Done exploring.
There is a stone staircase leading down here.
You climb downwards.
There is a stone staircase leading up here.
Found a scale mail.
As you read the scroll labelled USORUVIGRU, it crumbles to dust.
Magic quickly surges around you.
It was a scroll of vulnerability.
No target in view!
d - a scroll of summoning You see here a +0 scale mail.
You open the door.
There is an open door here.
You open the door.
An endoplasm and Menkaure come into view.
Menkaure shouts!
The endoplasm quivers.
You hit the endoplasm.
The endoplasm is almost dead.
The endoplasm hits you but does no damage.
Menkaure mumbles some strange words.
Menkaure seems to speed up.
You barely miss the endoplasm.
The endoplasm is almost dead.
The endoplasm freezes you.
You are frozen.
You hit the endoplasm.
You kill the endoplasm!
There is an open door here.
You barely miss Menkaure. Menkaure hits you!
Menkaure gestures at you while chanting.
You are unaffected.
You slash Menkaure!
Menkaure is severely damaged.
Menkaure murmurs a few words.
Menkaure hits you!
* * * LOW HITPOINT WARNING * * *
You barely miss Menkaure.
Menkaure is severely damaged.
You block Menkaure's attack. Menkaure hits you.
You die...

####.#######
#..#......<...#
#....##.#####.#
........# #.#
......# #.# ......#
##.## #.....# #...##
#M...# #.#..# ##@##
#....# ##...##
####.# ##.....##
####.# #.......##
##.##.#
#.........####...#.#
+.........'........#
#.........####[..#.#
##.......## ##.##.#
##.....## ####.#


You could see Menkaure (fast).

Vanquished Creatures
  An ice beast (D:3)
  Crazy Yiuf (D:3)
  A hound (D:3)
  2 orc priests (D:3)
  An orc wizard (D:3)
  4 adders
  2 worms
  3 dart slugs
  An orc (D:3)
  6 ball pythons
  3 bats
  7 endoplasms
  3 giant cockroaches
  6 goblins
  6 hobgoblins
  5 kobolds
  4 quokkas
  A frilled lizard (D:3)
  6 rats
63 creatures vanquished.

Notes
Turn   | Place    | Note
-------+----------+-------------------------------------------
     0 | D:1      | bande the Gargoyle Fighter began the quest for the Orb.
     0 | D:1      | Reached XP level 1. HP: 14/14 MP: 1/1
     6 | D:1      | Noticed a swamp worm
     6 | D:1      | Noticed a scorpion
     6 | D:1      | Noticed a hog
     6 | D:1      | Noticed a salamander
   224 | D:1      | Reached XP level 2. HP: 18/19 MP: 2/2
   891 | D:2      | Reached XP level 3. HP: 23/23 MP: 3/3
  1611 | D:2      | Reached XP level 4. HP: 28/28 MP: 4/4
  1809 | D:3      | Noticed an ice beast
  1819 | D:3      | Killed an ice beast
  1819 | D:3      | HP: 1/28 [kobold (1)]
  1820 | D:3      | Reached XP level 5. HP: 1/33 MP: 5/5
  2088 | D:3      | Found a sacrificial altar of Ru.
  2195 | D:3      | Reached XP level 6. HP: 7/38 MP: 6/6
  2696 | D:3      | Found a runed translucent door.
  2697 | D:3      | Noticed Crazy Yiuf
  2705 | D:3      | Killed Crazy Yiuf
  3259 | D:4      | Noticed Menkaure
  3266 | D:4      | Slain by Menkaure

Illustrated notes

Levels and vault maps discovered:
D:1:      onia_arrival_zoo_common, layout_loops_ring
D:2:      layout_basic
D:3:      wander_river, layout_rooms, nicolae_ru_great_annihilating_truth,
          uniq_crazy_yiuf_cottage
D:4:      layout_loops_corners, lemuel_mausoleum_altar_yredelemnul,
          marbit_many_paths, uniq_menkaure, uniq_robin, uniq_eustachio

Skill      XL: |  1  2  3  4  5  6 |
---------------+-------------------+-----
Axes           | 2 3 4 |  4.7
Armour         | 4 |  4.3
Fighting       | 4 |  4.3
Shields        | 4 |  4.0
Dodging        | |  0.4

Action                   |  1- 3 |  4- 6 || total
-------------------------+-------+-------++-------
Melee: War axe           |   121 |    80 ||   201
  Use: Scroll            |     2 |     4 ||     6
       Potion            |       |     9 ||     9
 Stab: Invisible         |       |     1 ||     1
       Paralysed         |       |     1 ||     1
Armor: Scale mail        |    71 |    41 ||   112
Dodge: Dodged            |    76 |    51 ||   127
Block: Buckler           |    21 |    21 ||    42

Table legend: (Time is in decaauts)
 A = Elapsed time spent in this place.
 B = Non-inter-level travel time spent in this place.
 C = Inter-level travel time spent in this place.
 D = Time resting spent in this place.
 E = Time spent auto-exploring this place.
 F = Levels seen in this place.
 G = Mean time per level.
                   A        B        C        D        E       F      G
               +--------+--------+--------+--------+--------+-----+--------+
         Total |   3346 |   3325 |     21 |    987 |   1684 |   4 |  836.5 |
       Dungeon |   3346 |   3325 |     21 |    987 |   1684 |   4 |  836.5 |
               +--------+--------+--------+--------+--------+-----+--------+

Top non-repeatable levels by time:
     D:3: 1241 daAuts
     D:2: 1155 daAuts
     D:1: 906 daAuts
     D:4: 43 daAuts
